 Dungeon Crawl Stone Soup version 0.28-a0-476-g0f06bd746f (webtiles) character file.

Game seed: 8262941382083270986

0 spiderkeys the Skirmisher (level 1, -16/16 HPs)
             Began as an Octopode Abyssal Knight on Sept 17, 2021.
             Was a Follower of Lugonu.
             Killed from afar by a wretched star (21 damage)
             ... with a lance of force
             ... on level 1 of the Abyss.
             The game lasted 00:00:41 (311 turns).

spiderkeys the Skirmisher (Octopode Abyssal Knight)  Turns: 311, Time: 00:00:42

Health: -16/16     AC:  1    Str: 11    XL:     1   Next: 0%
Magic:  2/2        EV: 13    Int: 14    God:    Lugonu [*.....]
Gold:   0          SH:  0    Dex: 11    Spells: 0/0 levels left

rFire   . . .      SeeInvis .   a - +1 spear
rCold   . . .      Faith    .   (no shield)
rNeg    . . .      Spirit   .   (helmet restricted)
rPois   .          Reflect  .   (no amulet)
rElec   .          Harm     .   (no ring)
rCorr   .          Rampage  .   (no ring)
Will    .....                   (no ring)
Stlth   ++........              (no ring)
HPRegen 0.05/turn               (no ring)
MPRegen 0.08/turn               (no ring)
                                (no ring)
                                (no ring)

@: no status effects
A: almost no armour, amphibious, 8 rings, camouflage 1, gelatinous body 1,
(nimble swimmer 1), tentacles
a: Renounce Religion, Depart the Abyss


You were on level 1 of the Abyss.
You worshipped Lugonu.
Lugonu was aware of your devotion.
You visited 0 branches of the dungeon, and saw 0 of its levels.
You visited the Abyss 1 time.


Innate Abilities, Weirdness & Mutations

You cannot wear most types of armour.
You are amphibious.
You can wear up to eight rings at the same time.
Your skin changes colour to match your surroundings (Stealth+).
Your rubbery body absorbs attacks. (AC +1, EV +1)
((You are camouflaged near water. (Stealth+)))
You have tentacles for arms and can constrict up to eight enemies at once.


   Skills:
 + Level 3.0 Fighting
 + Level 2.0 Polearms
 + Level 2.3 Dodging
 + Level 2.0 Invocations


You couldn't memorise any spells.
You didn't know any spells.
Your spell library was empty.

Inventory:

Hand Weapons
 a - a +1 spear (weapon)
Scrolls
 b - 2 scrolls of noise {!r}

Dungeon Overview and Level Annotations

Branches:
Dungeon (0/15)

Altars:

# ..#.#.
..#.###..###.#
#.#...##.#..#..#....#
#.# ......###..[# #
#..###..#....##.###
#. #.#..##....#..#.
#.##....#.......# #
#..#..##....###
#..#..#...#*#....
....##.#@..## *#. #.#
#.##....# .. .
..#..#.#.# . ######
###ยง. ..# .# .


You could see a wretched star.


Message History

๐Ÿค– Initializing magus.rc ...
Options error: Delay interrupt name "hungry" not recognised. (~/.crawlrc:4988) โœ… Successfully initialized magus.rc [v1.9.10] Welcome, spiderkeys the Octopode Abyssal Knight.
Will you prevail where others failed? Will you find the Orb of Zot?
Lugonu says: Depart the Abyss and spread corruption, my servant! (use the ability menu to exit the Abyss) Press ? for a list of commands and other information.
Found a corrupted altar of Lugonu.
Found a gateway leading out of the Abyss.
There is a gateway leading out of the Abyss here.
A ynoxinul comes into view.
An apocalypse crab comes into view.
A raiju comes into view.
A large abomination comes into view.
b - a scroll labelled GID XEOTOD
As you read the scroll labelled GID XEOTOD, it crumbles to dust.
It is a scroll of identify.
You don't have any unidentified items.
b - 3 scrolls labelled SUEFAET QAUH
As you read the scroll labelled SUEFAET QAUH, it crumbles to dust.
You hear a loud clanging noise!
It was a scroll of noise.
You hear a bark! x2; You hear a bellow!
Something shouts, "Give up, thou feeble toot-wallowing zombie-fodder!"
A tentacled starspawn comes into view.
A tentacle flies out from the starspawn's body!
A starspawn tentacle comes into view.
A large abomination comes into view.
You barely miss the large abomination. The large abomination hits you!
Ouch! That really hurt!
* * * LOW HITPOINT WARNING * * *
๐Ÿ˜ฑ HP[-12]
You take 12 damage, and now have 4/16 hp.
MASSIVE DAMAGE!! (PAUSE)
A ynoxinul comes into view. ๐Ÿ˜จ HP[+1]
A wretched star comes into view.
The wretched star glows turbulently.
The lance of force hits you!!
Ouch! That really hurt!
You die...

Action                   || total
-------------------------++-------
Melee: Spear             ||     1
  Use: Scroll            ||     2

Levels and vault maps discovered:
Abyss:1:  base: Temple, guppyfry_abyss_exit_imp_island, base:
Temple

Notes
Turn   | Place    | Note
-------+----------+-------------------------------------------
     0 | Abyss:1  | spiderkeys the Octopode Abyssal Knight began the quest for
                  | the Orb.
     0 | Abyss:1  | Reached XP level 1. HP: 16/16 MP: 2/2
     0 | Abyss:1  | magus.rc [v1.9.10]
   223 | Abyss:1  | Noticed a ynoxinul
   237 | Abyss:1  | Noticed an apocalypse crab
   243 | Abyss:1  | Noticed a raiju
   257 | Abyss:1  | Noticed a large abomination
   271 | Abyss:1  | Noticed a tentacled starspawn
   273 | Abyss:1  | Noticed a large abomination
   282 | Abyss:1  | HP: 4/16 [large abomination (12)]
   292 | Abyss:1  | Noticed a ynoxinul
   306 | Abyss:1  | Noticed a wretched star
   311 | Abyss:1  | Killed from afar by a wretched star

Vanquished Creatures (others)
  2 starspawn tentacles (Abyss:1)
2 creatures vanquished.

Table legend:
 A = Non-vault XP
 B = Vault XP
 C = Vault XP percentage of total XP
 D = Non-vault monster count
 E = Vault monster count
 F = Vault count percentage of total count
                 A         B        C        D         E       F
            +---------+---------+-------+---------+---------+-------
      Total |       0 |       0 |   N/A |       0 |       0 |  -nan
            +---------+---------+-------+---------+---------+-------
            +---------+---------+-------+---------+---------+-------

Illustrated notes

Table legend: (Time is in decaauts)
 A = Elapsed time spent in this place.
 B = Non-inter-level travel time spent in this place.
 C = Inter-level travel time spent in this place.
 D = Time resting spent in this place.
 E = Time spent auto-exploring this place.
 F = Levels seen in this place.
 G = Mean time per level.
                   A        B        C        D        E       F      G
               +--------+--------+--------+--------+--------+-----+--------+
         Total |    311 |    311 |      0 |      0 |    222 |   1 |  311.0 |
         Abyss |    311 |    311 |      0 |      0 |    222 |   1 |  311.0 |
               +--------+--------+--------+--------+--------+-----+--------+

Top non-repeatable levels by time:
 Abyss:1: 311 daAuts
